 Dungeon Crawl Stone Soup version 0.21.1-1-g345015f (webtiles) character file.

353 GreenArt the Ruffian (level 6, -4/61 HPs)
             Began as a Troll Berserker on Apr 28, 2018.
             Was a Believer of Trog.
             Killed by divine providence
             ... invoked by an orc priest
              (13 damage)
             ... on level 4 of the Dungeon.
             The game lasted 00:16:48 (3386 turns).

GreenArt the Ruffian (Troll Berserker)              Turns: 3386, Time: 00:16:49

Health: -4/61      AC:  5    Str: 28    XL:     6   Next: 35%
Magic:  5/5        EV: 11    Int:  3    God:    Trog [**....]
Gold:   91         SH:  0    Dex:  9    Spells: 5/5 levels left

rFire    . . .     SeeInvis .     - Unarmed
rCold    . . .     Gourm    +   (no shield)
rNeg     . . .     Faith    .   a - +0 animal skin
rPois    .         Spirit   .   (helmet restricted)
rElec    .         Reflect  .   (no cloak)
rCorr    .         Harm     .   (gloves unavailable)
MR       .....                  (boots unavailable)
Stlth    +.........             (no amulet)
HPRegen  0.60/turn              (no ring)
MPRegen  0.09/turn              (no ring)

@: slowed, very slow
A: large, unfitting armour, claws 3, fast metabolism 3, gourmand, regeneration
1, shaggy fur 1, tough skin 2
a: Berserk, Trog's Hand, Burn Spellbooks, Renounce Religion


You were on level 4 of the Dungeon.
You worshipped Trog.
Trog was pleased with you.
You were full.

You visited 1 branch of the dungeon, and saw 4 of its levels.

You collected 91 gold pieces.

Inventory:

Hand Weapons
 l - a cursed +0 spear
 n - a +0 hand axe
 o - a +0 dagger
 q - a +0 club
 r - a +0 mace
 s - a +0 whip
 t - a +0 whip
 u - a +0 club
 v - a +0 club
 z - a +0 whip
 C - a +0 hunting sling
Missiles
 c - 43 arrows
 f - 129 stones (quivered)
 E - 4 large rocks
Armour
 a - a +0 animal skin (worn)
 x - a +0 chain mail
 y - a +0 plate armour
 A - a +0 ring mail
Jewellery
 k - a cursed ring of loudness {unknown}
Scrolls
 e - 2 scrolls of remove curse
 p - 4 scrolls of teleportation
 w - 3 scrolls of magic mapping {unknown}
 F - a scroll of immolation {unknown}
 H - 2 scrolls of blinking {unknown}
Potions
 b - a potion of curing {unknown}
 d - a potion of agility {unknown}
 B - a potion of degeneration {unknown}
 D - 2 potions of lignification {unknown}
Comestibles
 g - a ration


   Skills:
 + Level 3.1 Fighting
 + Level 3.4 Dodging
 + Level 0.8 Stealth
 + Level 5.7 Unarmed Combat


You had 5 spell levels left.
You didn't know any spells.

Dungeon Overview and Level Annotations

Branches:
Dungeon (4/15)
 Temple: D:4-7

Altars:
Dithmenos


Innate Abilities, Weirdness & Mutations

You are too large for most types of armour.
You have claws for hands.
Your metabolism is lightning-fast.
You like to eat raw meat.
Your natural rate of healing is unusually fast.
You are covered in fur. (AC +1)
You have very tough skin. (AC +2)


Message History

The orc priest hits you with a short sword.
* * * LOW HITPOINT WARNING * * *
The orc priest invokes the aid of Beogh against you.
Beogh smites you!
* * * LOW HITPOINT WARNING * * *
The orc wizard hits you with a dagger.
* * * LOW HITPOINT WARNING * * *
The orc priest hits you but does no damage.
The orc wizard points at you and mumbles some strange words.
You feel yourself slow down. The orc priest barely misses you.
The orc closely misses you.
The orc wizard gestures wildly while chanting.
The orc wizard blinks!
The orc hits you with a hand axe.
* * * LOW HITPOINT WARNING * * *
The orc priest hits you but does no damage.
The orc wizard closely misses you. The orc wizard misses you.
The orc priest calls down the wrath of Beogh upon you.
Beogh smites you!
You die...

#...........
#.
#...).......#
#.
#...........#
#.
#...........#
##
#...........#
#...........#
#...........#
#........o..#
#......oo@..#
####.########
#.# #.# #.#
#.# #.# #.#


You could see an orc priest, an orc wizard and an orc.

Vanquished Creatures
  The ghost of Wanze the Skirmisher, an amateur DrWn of Sif Muna (D:3)
  A scorpion (D:4)
  A water moccasin skeleton (D:4)
  An orc wizard (D:4)
  Natasha (D:4)
  A worker ant (D:4)
  2 adders
  2 dart slugs
  A leopard gecko (D:4)
  7 orcs
  5 giant cockroaches
  5 goblins
  6 hobgoblins
  7 jackals
  2 ball pythons (D:4)
  4 bats
  4 frilled lizards
  7 kobolds
  5 rats
63 creatures vanquished.

Notes
Turn   | Place    | Note
-------+----------+-------------------------------------------
     0 | D:1      | GreenArt the Troll Berserker began the quest for the Orb.
     0 | D:1      | Reached XP level 1. HP: 22/22 MP: 0/0
   145 | D:1      | Reached XP level 2. HP: 29/29 MP: 1/1
  1536 | D:2      | Reached ** piety under Trog
  1536 | D:2      | Reached XP level 3. HP: 36/36 MP: 2/2
  2135 | D:3      | Found a faded altar of an unknown god.
  2458 | D:3      | Reached skill level 4 in Unarmed Combat
  2509 | D:3      | Noticed Wanze's ghost (amateur DrWn)
  2519 | D:3      | Killed Wanze's ghost
  2519 | D:3      | Reached XP level 4. HP: 35/45 MP: 3/3
  2519 | D:3      | Reached XP level 5. HP: 42/53 MP: 4/4
  2839 | D:3      | Found a shadowy altar of Dithmenos.
  3109 | D:4      | Reached skill level 5 in Unarmed Combat
  3136 | D:4      | Noticed Natasha
  3147 | D:4      | Killed Natasha
  3223 | D:4      | Reached XP level 6. HP: 44/61 MP: 5/5
  3386 | D:4      | Killed from afar by an orc priest

Skill      XL: |  1  2  3  4  5 |
---------------+----------------+-----
Unarmed Combat | 4 5 |  5.7
Fighting       | 3 |  3.1
Dodging        | 3 |  3.4
Stealth        | |  0.8

Action                   |  1- 3 |  4- 6 || total
-------------------------+-------+-------++-------
Melee: Unarmed           |    97 |    63 ||   160
       Punch             |     1 |     2 ||     3
  Use: Scroll            |     2 |       ||     2
  Eat: Ration            |     5 |       ||     5
       Chunk             |     5 |    10 ||    15
Armor: Animal skin       |    48 |    22 ||    70
Dodge: Dodged            |    82 |    58 ||   140
